 Dungeon Crawl Stone Soup version 0.29.1-4-g47bece8355 (webtiles) character file.

Game seed: 7654196279397406722

2895 hawla the Zephyrmancer (level 10, -2/72 HPs)
             Began as a Meteoran Ice Elementalist on Dec 4, 2022.
             Was a Believer of Vehumet.
             Slain by Erica
             ... wielding a +4 scimitar of flaming
              (7 damage)
             ... on level 9 of the Dungeon.
             The game lasted 00:16:53 (2303 turns).

hawla the Zephyrmancer (Meteoran Ice Elementalist)  Turns: 2303, Time: 00:16:53

Health: -2/72      AC:  7    Str: 10    XL:     10   Next: 26%
Magic:  19/21      EV: 13    Int: 21    God:    Vehumet [**....]
Gold:   240        SH:  0    Dex: 15    Spells: 7/23 levels left

rFire   . . .      SeeInvis .   (no weapon)
rCold   . . .      Faith    .   (no shield)
rNeg    . . .      Spirit   .   n - +0 steam dragon scales
rPois   .          Reflect  .   k - +0 helmet
rElec   .          Harm     .   (no cloak)
rCorr   .          Rampage  .   (no gloves)
Will    +....                   f - +0 pair of boots
Stlth   +.........              (no amulet)
HPRegen 0.22/turn               (no ring)
MPRegen 0.17/turn               (no ring)

@: freezing walls, glowing
A: sense surroundings 2, otherworldly, glowing, explore regen
a: Renounce Religion


You were on level 9 of the Dungeon.
You worshipped Vehumet.
Vehumet was pleased with you.
You visited 2 branches of the dungeon, and saw 10 of its levels.

You collected 240 gold pieces.

Inventory:

Armour
 f - a +0 pair of boots (worn)
 k - a +0 helmet (worn)
 n - +0 steam dragon scales (worn)
Wands
 a - a wand of digging (6)
 l - a wand of charming (1)
 m - a wand of mindburst (11) (quivered)
Scrolls
 c - a scroll of fog
 p - a scroll of magic mapping
 q - 2 scrolls of identify
 r - a scroll of vulnerability {unknown}
Potions
 b - a potion of magic
 e - a potion of flight
 g - a potion of lignification
 h - 2 potions of brilliance
 i - 2 potions of curing
 j - a potion of cancellation


   Skills:
 + Level 1.4 Fighting
 + Level 3.7 Dodging
 - Level 1.4 Stealth
 + Level 7.1 Spellcasting
 + Level 4.1 Conjurations
 + Level 3.6 Necromancy
 + Level 7.8 Ice Magic
 + Level 10.1 Air Magic
 + Level 0.1 Evocations


You had 7 spell levels left.
You knew the following spells:

 Your Spells              Type           Power      Damage    Failure   Level
a - Freeze                Ice            100%       1d11      1%          1
b - Frozen Ramparts       Ice            80%        1d13      1%          3
c - Hailstorm             Conj/Ice       32%        3d8       8%          4
d - Vampiric Draining     Necr           22%        2d7       6%          3
e - Freezing Cloud        Conj/Ice/Air   19%        6-21      12%         5

Your spell library contained the following spells:

 Spells                   Type           Power      Damage    Failure   Level
 Static Discharge         Conj/Air       37%        3-8/arc   1%          2
 Ozocubu's Armour         Ice            40%        N/A       1%          3
 Mephitic Cloud           Conj/Pois/Air  27%        N/A       3%          3
 Slow                     Hex            28%        N/A       9%          1
 Confusing Touch          Hex            7%         N/A       26%         3
 Ignite Poison            Fire/Tmut/Pois 7%         N/A       26%         3


Dungeon Overview and Level Annotations

Branches:
Dungeon (9/15) Zot: 3107   Temple (1/1) D:4 Zot: 589    Lair (0/5) D:8
    Orc: D:9-12

Altars:
Ashenzari
Dithmenos
Gozag
Kikubaaqudgha
Makhleb
Okawaru
Qazlal
Trog
Uskayaw
Vehumet
Xom
Jiyva

Annotations:
D:9 Erica


Innate Abilities, Weirdness & Mutations

You passively map the area around you.
You are easily found by Zot.
You glow in the dark.
You regain HP and MP as you explore.


Message History

Press: ? - help, Dir - look around, f - activate The walls around you are covered in ice.
The wall freezes Erica!
Erica barely misses you.
Aiming: Charm
Press: ? - help, Shift-Dir - straight line, f - Erica
Aim: Erica, wielding a +4 scimitar of flaming, wearing a +0 robe and carrying a wand of polymorph (3) (lightly wounded, chance to affect: 17%) Erica resists with almost no effort.
The wall freezes Erica.
Erica hits you with a +4 scimitar of flaming!
Erica burns you.
Aiming: Mindburst
Press: ? - help, Shift-Dir - straight line, f/p - Erica
Aim: Erica, wielding a +4 scimitar of flaming, wearing a +0 robe and carrying a wand of polymorph (3) (lightly wounded, chance to affect: 29%) Erica easily resists.
The wall freezes Erica!
Erica barely misses you.
Aiming: Mindburst
Press: ? - help, Shift-Dir - straight line, f/p - Erica
Aim: Erica, wielding a +4 scimitar of flaming, wearing a +0 robe and carrying a wand of polymorph (3) (moderately wounded, chance to affect: 29%) Erica easily resists.
The wall freezes Erica!
Erica gestures at you while chanting.
You are confused.
You are too confused!
You are too confused!
Unknown command.
Your frozen ramparts will break if you move.
Continue? [Y]es or [N]o only, please.
Your frozen ramparts will break if you move.
Continue?
Okay, then.
The wall freezes Erica.
Erica points at you and mumbles some strange words.
You resist with some effort.
The wall freezes Erica.
Erica points at you and mumbles some strange words.
The lance of force hits you!!
You are knocked back by the lance of force.
You slam into the rock wall!
* * * LOW HITPOINT WARNING * * *
You feel better.
The wall freezes Erica.
Erica hits you with a +4 scimitar of flaming!
* * * LOW HITPOINT WARNING * * *
Erica burns you!
You die...

###############
..............#
,
#############.#
#.# #########
#.# , ..<.....#
#.####
#######[#
#..)@# * * * *
# ####@# * # *
...., , #
.#.###* * #
#.#.# # , # #.#
# * *** #.# # ,
#.# * , * * * *
, * ,


You could see Erica.

Vanquished Creatures
  An unseen horror (D:8)
  Maggie (D:6)
  A steam dragon (D:6)
  A water moccasin (D:8)
  An orc warrior (D:7)
  2 ice beasts
  A centaur (D:6)
  3 phantoms
  A bullfrog (D:8)
  5 scorpions
  A necrophage (D:7)
  4 wights (D:8)
  3 howler monkeys
  5 hounds
  6 orc priests
  4 jellies (D:8)
  5 orc wizards
  Robin (D:3)
  3 gnolls (D:4)
  4 adders
  2 ufetubi
  3 dart slugs
  15 orcs
  3 ball pythons
  4 endoplasms
  A giant cockroach (D:3)
  10 goblins
  3 hobgoblins
  2 kobolds
  2 quokkas
  6 bats
  3 frilled lizards (D:1)
  3 rats (D:1)
110 creatures vanquished.

Vanquished Creatures (collateral kills)
  An ice beast (D:5)
1 creature vanquished.

Vanquished Creatures (others)
  An orc (D:6)
1 creature vanquished.

Grand Total: 112 creatures vanquished

Notes
Turn   | Place    | Note
-------+----------+-------------------------------------------
     0 | D:1      | hawla the Meteoran Ice Elementalist began the quest for the
                  | Orb.
     0 | D:1      | Reached XP level 1. HP: 14/14 MP: 5/5
    23 | D:1      | Reached XP level 2. HP: 14/20 MP: 2/6
   153 | D:1      | Reached skill level 5 in Ice Magic
   154 | D:1      | Reached XP level 3. HP: 26/26 MP: 4/8
   187 | D:2      | Learned a level 3 spell: Frozen Ramparts
   320 | D:3      | Noticed Robin
   323 | D:3      | Reached XP level 4. HP: 32/33 MP: 6/10
   328 | D:3      | Killed Robin
   448 | D:4      | Reached XP level 5. HP: 38/38 MP: 7/12
   483 | D:4      | Found a staircase to the Ecumenical Temple.
   520 | Temple   | Entered the Ecumenical Temple
   525 | Temple   | Became a worshipper of Vehumet
   541 | D:4      | Found an iron altar of Okawaru.
   558 | D:4      | Reached XP level 6. HP: 42/46 MP: 7/14
   582 | D:4      | Reached skill level 5 in Spellcasting
   646 | D:4      | Learned a level 4 spell: Hailstorm
   652 | D:5      | Entered Level 5 of the Dungeon
   713 | D:5      | Reached XP level 7. HP: 47/51 MP: 7/16
   760 | D:5      | Reached skill level 1 in Conjurations
   849 | D:5      | Reached XP level 8. HP: 52/58 MP: 8/17
   866 | D:5      | Learned a level 3 spell: Vampiric Draining
   881 | D:5      | Reached skill level 1 in Necromancy
   904 | D:5      | Found a stormy altar of Qazlal.
  1326 | D:6      | Found a burning altar of Makhleb.
  1357 | D:6      | Reached skill level 1 in Fighting
  1479 | D:6      | Reached * piety under Vehumet
  1479 | D:6      | Offered knowledge of Magic Dart by Vehumet.
  1486 | D:6      | Learned a level 5 spell: Freezing Cloud
  1502 | D:6      | Reached skill level 1 in Air Magic
  1521 | D:6      | Noticed a steam dragon
  1528 | D:6      | Killed a steam dragon
  1529 | D:6      | Reached skill level 3 in Air Magic
  1529 | D:6      | Gained mutation: You passively map the area around you.
                  | [Meteoran growth]
  1529 | D:6      | Reached XP level 9. HP: 40/64 MP: 5/19
  1587 | D:6      | Noticed Maggie
  1595 | D:6      | Killed Maggie
  1596 | D:6      | Reached skill level 5 in Air Magic
  1660 | D:6      | Reached skill level 6 in Air Magic
  1756 | D:6      | Reached skill level 7 in Air Magic
  1979 | D:7      | Reached skill level 8 in Air Magic
  2051 | D:7      | Reached ** piety under Vehumet
  2063 | D:8      | Found a viscous altar of Jiyva.
  2074 | D:8      | Offered knowledge of Static Discharge by Vehumet.
  2075 | D:8      | Reached skill level 9 in Air Magic
  2115 | D:8      | Found an opulent altar of Gozag.
  2160 | D:8      | Killed an unseen horror
  2161 | D:8      | Reached skill level 10 in Air Magic
  2161 | D:8      | Reached XP level 10. HP: 13/71 MP: 15/20
  2200 | D:8      | HP: 1/70 [wight/+4 war axe (11)]
  2221 | D:8      | HP: 5/105 [water moccasin (5)]
  2221 | D:8      | HP: 2/105 [wight/+0 halberd (3)]
  2296 | D:9      | Noticed Erica
  2303 | D:9      | Slain by Erica

Illustrated notes

Levels and vault maps discovered:
D:1:      lightli_arrival_chessboard, layout_rooms,
          shapermc_ecumenical_altar_mp_vishouse, st_stairs_6, minmay_tromino_i4
D:2:      minmay_thinvault, layout_basic, minmay_quantized
D:3:      cheibrodos_helix_gallery, layout_rooms, uniq_jessica, uniq_natasha,
          uniq_robin, uniq_terence
D:4:      layout_gridville, mainiacjoe_overflow_alcove_4,
          okawaru_ov_weapons_minmay, nicolae_overflow_crystal_walls,
          slow_altar_2, minmay_temple_entry_tees, minmay_misc_feat_rows
D:5:      layout_gridville, nicolae_qazlal_general_emergency,
          serial_park_tiny_pond
D:6:      layout_loops_ring, mainiacjoe_overflow_concentric_impassable,
          uniq_maggie
D:7:      layout_gridville, amcnicky_mini_corridor_feature
D:8:      layout_rooms, mainiacjoe_overflow_surrounded_room,
          mainiacjoe_overflow_boulevard, lair_entry_dummy,
          gammafunk_ghost_berserking_beasts, jiyva_altar_1, uniq_joseph
D:9:      layout_loops_ring, nrook_campfire, uniq_erica
Temple:   nicolae_temple_ecumenical_triangle

Skill      XL: |  1  2  3  4  5  6  7  8  9 10 |
---------------+-------------------------------+-----
Ice Magic      | 5 6 7 |  7.8
Spellcasting   | 3 4 5 6 7 |  7.1
Dodging        | 3 |  3.7
Conjurations   | 3 4 |  4.1
Necromancy     | 3 |  3.6
Fighting       | 1 |  1.4
Air Magic      | 3 10 | 10.1
Stealth        | |  1.4
Evocations     | |  0.1

Action                   |  1- 3 |  4- 6 |  7- 9 | 10-12 || total
-------------------------+-------+-------+-------+-------++-------
Melee: Unarmed           |     9 |    13 |    76 |     6 ||   104
 Cast: Freeze            |    30 |    29 |    17 |       ||    76
       Frozen Ramparts   |     2 |     8 |    17 |     2 ||    29
       Hailstorm         |       |     1 |    19 |     3 ||    23
       Vampiric Draining |       |       |    17 |       ||    17
       Freezing Cloud    |       |       |     6 |       ||     6
Evoke: Wand              |       |       |     5 |     5 ||    10
  Use: Scroll            |     1 |     2 |     6 |     2 ||    11
       Potion            |       |     3 |     2 |     4 ||     9
Armor: Robe              |    14 |     7 |    10 |       ||    31
       Skin              |       |     8 |     7 |    11 ||    26
       Steam dragon scal |       |       |    15 |     1 ||    16
Dodge: Dodged            |    20 |    22 |    54 |     8 ||   104
